 Dungeon Crawl Stone Soup version 0.25.1-2-g60ff931df9 (webtiles) character file.

Game seed: 5527504281427230539

213239 Johnny the Metallomancer (level 18, 0/132 HPs)
             Began as a Demigod Earth Elementalist on Oct 20, 2020.
             Killed from afar by a shock serpent (5 damage)
             ... with a bolt of electricity
             ... on level 4 of the Lair of Beasts.
             The game lasted 00:57:57 (41977 turns).

Johnny the Metallomancer (DgEE)                    Turns: 41977, Time: 00:57:58

Health: 0/132      AC: 16    Str: 11    XL:     18   Next: 0%
Magic:  56/61      EV: 12    Int: 35    God:
Gold:   2350       SH:  7    Dex: 22    Spells: 16/48 levels left

rFire    . . .     SeeInvis +   a - +10 short sword "Duizot" {venom, rElec Int+4}
rCold    . . .     Gourm    .   T - +0 buckler
rNeg     . . .     Faith    .   p - +4 troll leather armour
rPois    .         Spirit   .   P - +1 hat
rElec    +         Reflect  .   G - +2 cloak {Stlth+}
rCorr    .         Harm     .   J - +0 pair of gloves of Complete Protection {*Slow MP+9 Dex+6 SInv}
MR       ++...                  W - +2 pair of boots
Stlth    ++........             O - amulet of Vitality {Regen+ HP+15}
HPRegen  1.12/turn              C - ring of Bemaips {Wiz MR+}
MPRegen  0.37/turn              n - ring of magical power

@: lethally poisoned (0 -> -44), lightly drained
A: high mp 1
a: no special abilities


You were on level 4 of the Lair of Beasts.
You were not hungry.

You visited 6 branches of the dungeon, and saw 28 of its levels.
You also visited: Gauntlet.

You collected 3951 gold pieces.
You spent 1601 gold pieces at shops.

Inventory:

Hand Weapons
 a - the +10 short sword "Duizot" (weapon) {venom, rElec Int+4}
   (You took it off a big kobold on level 9 of the Dungeon)

   It poisons the flesh of those it strikes.
   It affects your intelligence (+4).
   It insulates you from electricity.
 R - the cursed +3 hand crossbow "Vunto" {venom, rElec rPois rN++ Str-2, unknown}
   (You found it on level 3 of the Elven Halls)

   It poisons the ammo it fires.
   It affects your strength (-2).
   It insulates you from electricity.
   It protects you from poison.
   It greatly protects you from negative energy.
   It has a curse placed upon it.
 U - the +8 falchion of Calculation {holy, +Blink +Fly rF++ Str-4}
   (You found it in a Gauntlet)

   It has been blessed by the Shining One to cause great damage to the undead
   and demons.
   It affects your strength (-4).
   It greatly protects you from fire.
   It lets you fly.
   It lets you blink.
Missiles
 b - 695 stones (quivered)
 m - 9 large rocks
Armour
 p - a +4 troll leather armour (worn)
 G - a +2 cloak of stealth (worn)
 J - the +0 pair of gloves of Complete Protection (worn) {*Slow MP+9 Dex+6 SInv}
   (You found it in a Gauntlet)

   It affects your dexterity (+6).
   It affects your magic capacity (+9).
   It lets you see invisible.
   It may slow you when you take damage.
 P - a +1 hat (worn)
 T - a +0 buckler (worn)
 W - a +2 pair of boots (worn)
Magical Staves
 L - an uncursed staff of earth {unknown}
 M - an uncursed staff of cold {unknown}
Jewellery
 j - an uncursed ring of poison resistance
 n - a ring of magical power (right hand)
 w - an uncursed ring of protection from fire
 C - the ring of Bemaips (left hand) {Wiz MR+}
   (You found it in a Gauntlet)

   [ring of wizardry]

   It improves your spell success rate.
   It affects your resistance to hostile enchantments.
 E - an uncursed ring of protection from cold
 O - the amulet of Vitality (around neck) {Regen+ HP+15}
   (You found it on level 3 of the Lair of Beasts)

   [amulet of regeneration]

   It affects your health (+15).
   It increases your rate of regeneration.
 X - an uncursed ring of stealth
 Y - the ring of Fedhas's Benevolence {rPois rC+ Str+6}
   (You took it off a deep elf sorcerer on level 3 of the Elven Halls)

   [ring of poison resistance]

   It affects your strength (+6).
   It protects you from cold.
   It protects you from poison.
Wands
 x - a wand of iceblast (9)
 y - a wand of paralysis (8)
 A - a wand of digging (7)
 Q - a wand of acid (7)
Scrolls
 e - 4 scrolls of teleportation
 i - 10 scrolls of remove curse
 k - 7 scrolls of fog
 r - a scroll of vulnerability
 v - 3 scrolls of immolation
 z - 3 scrolls of blinking
 B - 2 scrolls of enchant armour
 S - a scroll of identify
 Z - 2 scrolls of fear
Potions
 c - 4 potions of might
 f - 4 potions of magic
 h - 4 potions of haste
 l - 16 potions of curing
 o - 9 potions of lignification
 s - 3 potions of cancellation
 t - 3 potions of brilliance
 u - 5 potions of heal wounds
 F - 3 potions of berserk rage
 H - a potion of mutation
 I - 4 potions of flight
 N - 2 potions of ambrosia
 V - a potion of invisibility
Miscellaneous
 g - 2 boxes of beasts
 q - a lightning rod (4/4)
 D - a phantom mirror
Comestibles
 d - 52 rations


   Skills:
 - Level 1.7(1.6) Dodging
 - Level 1.7(1.6) Stealth
 + Level 10.1(9.9) Shields
 + Level 15.7(15.5) Spellcasting
 + Level 0.9(0.8) Translocations
 - Level 0.8(0.7) Transmutations
 - Level 22.4(22.2) Earth Magic


You had 16 spell levels left.
You knew the following spells:

 Your Spells              Type           Power        Failure   Level  Hunger
a - Sandblast             Erth           ######       0%          1    None
b - Stone Arrow           Conj/Erth      ######       1%          3    None
c - Lee's Rapid Deconstr  Erth           ########..   0%          5    None
d - Petrify               Tmut/Erth      #######.     1%          4    None
e - Borgnjor's Vile Clut  Necr/Erth      #######...   1%          5    None
f - Iron Shot             Conj/Erth      #######...   1%          6    #......
g - Controlled Blink      Tloc           N/A          100%        8    ######.

Your spell library contained the following spells:

 Spells                   Type           Power        Failure   Level  Hunger
 Animate Skeleton         Necr           N/A          1%          1    None
 Apportation              Tloc           ####..       1%          1    None
 Corona                   Hex            ####...      1%          1    None
 Foxfire                  Conj/Fire      ####         1%          1    None
 Freeze                   Ice            ####         1%          1    None
 Infusion                 Chrm           ####         1%          1    None
 Pain                     Necr           ####         1%          1    None
 Shock                    Conj/Air       ####         1%          1    None
 Summon Small Mammal      Summ           ####         1%          1    None
 Call Imp                 Summ           ####....     1%          2    None
 Corpse Rot               Necr/Air       N/A          1%          2    None
 Passwall                 Tmut/Erth      #######.     1%          2    None
 Shroud of Golubria       Chrm/Tloc      ####..       1%          2    None
 Slow                     Hex            ####....     1%          2    None
 Song of Slaying          Chrm           ####....     1%          2    None
 Swiftness                Chrm/Air       ####....     1%          2    None
 Gell's Gravitas          Tloc           ####......   1%          3    None
 Portal Projectile        Hex/Tloc       ####..       1%          3    None
 Recall                   Summ/Tloc      N/A          1%          3    None
 Leda's Liquefaction      Hex/Erth       #######...   1%          4    None
 Bolt of Magma            Conj/Fire/Erth ######....   1%          5    None
 Call Canine Familiar     Summ           ####....     2%          3    None
 Conjure Flame            Conj/Fire      ####....     2%          3    None
 Frozen Ramparts          Ice            ####..       2%          3    None
 Inner Flame              Hex/Fire       ####....     2%          3    None
 Ozocubu's Armour         Chrm/Ice       ####....     2%          3    None
 Spectral Weapon          Hex/Chrm       ####....     2%          3    None
 Static Discharge         Conj/Air       ####....     2%          3    None
 Summon Guardian Golem    Hex/Summ       ####....     2%          3    None
 Vampiric Draining        Necr           ####......   2%          3    None
 Ice Form                 Ice/Tmut       ####....     6%          4    None
 Airstrike                Air            ####......   8%          4    None
 Animate Dead             Necr           N/A          8%          4    None
 Cause Fear               Hex            ####......   8%          4    None
 Hailstorm                Conj/Ice       ####....     8%          4    None
 Sticky Flame             Conj/Fire      ####....     8%          4    None
 Summon Ice Beast         Ice/Summ       ####....     8%          4    None
 Summon Lightning Spire   Summ/Air       ####....     8%          4    None
 Summon Forest            Summ/Tloc      ####......   17%         5    None
 Yara's Violent Unravell  Hex/Tmut       ####......   17%         5    None
 Agony                    Necr           ####....     21%         5    None
 Fireball                 Conj/Fire      ####......   21%         5    None
 Iskenderun's Battlesphe  Conj/Chrm      ####....     21%         5    None
 Lightning Bolt           Conj/Air       ####......   21%         5    None
 Metabolic Englaciation   Hex/Ice        ####......   21%         5    None
 Silence                  Hex/Air        ####......   21%         5    None
 Dispersal                Tloc           ####......   58%         6    #......
 Hydra Form               Tmut           ####......   61%         6    #......
 Eringya's Noxious Bog    Tmut/Pois      ####......   65%         6    #......
 Death Channel            Necr           ####......   71%         6    #......
 Freezing Cloud           Conj/Ice/Air   ####......   71%         6    #......
 Invisibility             Hex            ####....     71%         6    #......
 Ozocubu's Refrigeration  Ice            ####......   71%         6    #......
 Simulacrum               Ice/Necr       ####......   71%         6    #......
 Malign Gateway           Summ/Tloc      ####......   99%         7    ####...
 Monstrous Menagerie      Summ           ####......   99%         7    ####...
 Orb of Destruction       Conj           ####......   99%         7    ####...
 Spellforged Servitor     Conj/Summ      ####......   99%         7    ####...
 Summon Greater Demon     Summ           ####......   99%         7    ####...
 Summon Hydra             Summ           ####......   99%         7    ####...
 Discord                  Hex            ####......   100%        8    ######.
 Disjunction              Tloc           ####......   100%        8    ######.
 Summon Horrible Things   Summ           ####......   100%        8    ######.


Dungeon Overview and Level Annotations

Branches:
Dungeon (15/15)            Temple (0/1) D:4            Lair (6/6) D:9
  Swamp (0/4) Lair:2        Snake (1/4) Lair:4        Slime (0/5) Lair:6
    Orc (2/2) D:11            Elf (3/3) Orc:2        Vaults (0/5) D:14
 Depths (1/5) D:15        Gauntlet (visited)

Shops:
D:4 :   D:5 (   D:11 *   D:12 *   Orc:2 !([*   Elf:3 [

Portals:
Ziggurat: Depths:1


Innate Abilities, Weirdness & Mutations

You have an increased reservoir of magic. (+10% MP)


Message History

Press: ? - help, Dir - move target cursor A rock wall.
The wall shatters!
The blast of rock fragments hits the guardian serpent!!
The guardian serpent is almost dead.
The blast of rock fragments hits the black mamba!!
The black mamba is severely wounded.
You feel very sick. The black mamba bites you!
* * * LOW HITPOINT WARNING * * *
The black mamba closely misses you. The shock serpent closely misses you.
You block the black mamba's attack. The black mamba bites you!
* * * LOW HITPOINT WARNING * * *
You are more poisoned.
The black mamba poisons you!
The shock serpent shoots out a bolt of lightning at you!
The bolt of electricity hits you! You resist.
* * * LOW HITPOINT WARNING * * *
The bolt of electricity hits you. You resist.
You die...

#..##..#..........##..#..........
...##..#..............##........#
#..##.####.####.......##.........
...####P♣♣.≈.≈###.#....#.........
#..###..≈♣.≈♣≈P###.....#.........
....##P≈♣♣.♣♣P≈# ##P.......##P...
...#.#≈.♣...♣≈≈#####......#.##...
#.........>S§S§S.###..P....###...
#....#.≈♣...♣≈.#@S#...##..#.#P...
.....#≈P♣♣.♣♣P≈#S.....##...###...
.....#.≈♣≈[♣≈♣.#......##...# #...
#....##≈P.)≈.≈##...#...#...# #...
......####[####...##..#...## #...
.......#..†......###..#...## #..#
P......##^.......##...##...###..#
#...<..##.......#.##..##..###P..#
#.......P..........#..#...##P...#


You could see a shock serpent, a guardian serpent and 2 black mambas.

Vanquished Creatures
  3 deep elf blademasters
  2 deep elf master archers (Elf:3)
  Kirke (Lair:5)
  A fire giant (D:15)
  10 deep elf sorcerers
  7 deep elf elementalists (Elf:3)
  An emperor scorpion (shapeshifter) (D:15)
  A very ugly thing (D:15)
  9 deep elf demonologists
  10 deep elf annihilators
  A minotaur (Gauntlet)
  The ghost of Panli the Archer, a journeyman CeAM of Okawaru (Lair:5)
  The ghost of Cazemata the Basher, a journeyman DsBe of Trog (Lair:3)
  Snorg (D:12)
  The ghost of Name63 the Thaumaturge, a journeyman GnWz of Okawaru (D:10)
  A death ooze (Gauntlet)
  2 deep elf high priests (Elf:3)
  4 deep elf death magi
  The ghost of kalodont the Covert, a journeyman KoEn of Dithmenos (Orc:1)
  6 ogre magi
  19 two-headed ogres
  12 hydras
  A death knight (D:15)
  29 dancing weapons
  A merfolk avatar (Lair:6)
  A centaur warrior (Depths:1)
  13 death yaks
  The ghost of admiralandromeda the Spear-Bearer, a novice MfIE of the Shining One (D:9)
  A shock serpent (Snake:1)
  33 deep elf knights
  A skeletal warrior (D:15)
  3 unseen horrors
  2 glowing orange brains
  A glowing orange brain (shapeshifter) (Elf:3)
  A swamp dragon (Lair:2)
  A naga ritualist (Lair:4)
  A wolf spider zombie (D:14)
  15 deep elf archers
  A flayed ghost (Depths:1)
  A harpy (Lair:6)
  A wizard (D:15)
  76 deep elf magi
  A mana viper (Lair:4)
  A necromancer (Lair:3)
  8 ugly things
  An oklob plant (Lair:3)
  5 manticores
  2 orc sorcerers (Orc:1)
  6 cyclopes
  A faun (shapeshifter) (D:14)
  6 slime creatures
  A manticore (shapeshifter) (D:14)
  6 elephants (Lair:6)
  A centaur zombie (D:15)
  A naga mage (Lair:4)
  Maurice (D:8)
  A torpor snail (Lair:3)
  Psyche (D:8)
  2 gargoyles
  7 black mambas
  16 spiny frogs
  A kobold demonologist (D:9)
  2 minotaur zombies (Gauntlet)
  7 rime drakes (Lair:6)
  6 komodo dragons
  2 freezing wraiths
  Maggie (D:8)
  2 efreet (D:15)
  A redback zombie (D:15)
  6 polar bears
  10 trolls
  4 wind drakes (Lair:6)
  4 hornets
  22 blink frogs
  13 hippogriffs
  A hornet (shapeshifter) (D:14)
  A blink frog (shapeshifter) (Elf:3)
  2 dream sheep (Lair:3)
  A tarantella (shapeshifter) (D:15)
  6 air elementals
  A vampire (D:11)
  3 wraiths
  2 wyverns
  A hog (Lair:5)
  35 yaks
  6 water elementals
  3 fire elementals
  3 basilisks
  4 vampire mosquitoes (D:12)
  2 hungry ghosts
  2 wargs
  2 nagas (Lair:4)
  10 water moccasins
  10 porcupines
  2 black bears
  A phantom (D:6)
  10 orc warriors
  2 elephant zombies (Lair:3)
  8 ice beasts
  35 ogres
  9 wolves
  3 sky beasts
  3 eyes of draining
  2 tengu (shapeshifter) (D:15)
  7 centaurs
  12 crocodiles
  8 big kobolds
  13 bullfrogs
  5 earth elementals
  A wyvern skeleton (D:7)
  6 scorpions
  4 killer bees (D:12)
  9 wights
  A howler monkey (D:6)
  8 electric eels
  7 crimson imps
  2 bullfrog zombies
  8 orc priests
  A quasit (D:11)
  5 centaur skeletons
  9 hounds
  A jelly (D:11)
  3 bullfrog skeletons
  13 orc wizards
  2 hell rats (Lair:4)
  4 iguanas
  12 worker ants
  A crocodile zombie (Lair:3)
  A killer bee zombie (D:7)
  A hound skeleton (D:8)
  A worker ant zombie (D:11)
  8 adders
  5 river rats (Lair:4)
  2 shadow imps
  2 adder zombies
  An adder skeleton (D:6)
  2 worms
  3 dart slugs
  6 leopard geckos
  57 orcs
  3 ball pythons
  7 bats
  2 giant cockroaches
  3 goblins (D:2)
  9 hobgoblins
  12 jackals
  5 quokkas
  3 frilled lizards
  2 jackal zombies
  16 kobolds
  A leopard gecko skeleton (D:5)
  A leopard gecko zombie (D:8)
  A quokka skeleton (D:4)
  10 rats
  A bush (Lair:3)
  A fungus (Lair:6)
  2 plants
908 creatures vanquished.

Vanquished Creatures (collateral kills)
  A dancing weapon (Elf:2)
1 creature vanquished.

Vanquished Creatures (others)
  A deep elf high priest (Elf:3)
  A tengu warrior (D:15)
  A fire vortex (Lair:1)
  29 fungi
  26 plants
  13 toadstools (Lair:3)
  22 withered plants (Gauntlet)
93 creatures vanquished.

Grand Total: 1002 creatures vanquished

Notes
Turn   | Place    | Note
-------+----------+-------------------------------------------
     0 | D:1      | Johnny the Demigod Earth Elementalist began the quest for
                  | the Orb.
     0 | D:1      | Reached XP level 1. HP: 14/14 MP: 5/5
    24 | D:1      | Reached skill level 3 in Earth Magic
   132 | D:1      | Reached XP level 2. HP: 11/20 MP: 5/7
  1351 | D:2      | Reached XP level 3. HP: 25/26 MP: 9/9
  2291 | D:2      | Reached skill level 4 in Earth Magic
  2291 | D:2      | Reached XP level 4. HP: 33/33 MP: 4/10
  3709 | D:3      | Reached XP level 5. HP: 38/38 MP: 9/12
  3942 | D:3      | Found a bloodstained altar of Trog.
  4060 | D:4      | Found Fephim's Book Shop.
  4293 | D:4      | Reached skill level 5 in Earth Magic
  4384 | D:4      | Found a sacrificial altar of Ru.
  4630 | D:4      | Found a staircase to the Ecumenical Temple.
  4868 | D:4      | Reached XP level 6. HP: 40/45 MP: 14/14
  5148 | D:5      | Entered Level 5 of the Dungeon
  5325 | D:5      | Found a sparkling altar of Nemelex Xobeh.
  5447 | D:5      | Reached skill level 6 in Earth Magic
  5666 | D:5      | Found Oghext's Antique Weapon Emporium.
  5804 | D:5      | Reached XP level 7. HP: 50/50 MP: 12/16
  5900 | D:5      | Found an opulent altar of Gozag.
  6018 | D:5      | Reached skill level 7 in Earth Magic
  6292 | D:5      | Noticed a hippogriff
  6297 | D:5      | Killed a hippogriff
  6372 | D:5      | Found a glowing silver altar of Zin.
  6373 | D:5      | Found a glowing golden altar of the Shining One.
  6374 | D:5      | Found a white marble altar of Elyvilon.
  6686 | D:6      | Reached skill level 5 in Spellcasting
  6686 | D:6      | Reached XP level 8. HP: 41/57 MP: 10/19
  6693 | D:6      | Reached skill level 8 in Earth Magic
  6775 | D:6      | Learned a level 3 spell: Stone Arrow
  6781 | D:6      | Learned a level 5 spell: Lee's Rapid Deconstruction
  6786 | D:6      | Learned a level 4 spell: Petrify
  7458 | D:7      | Found an ancient bone altar of Kikubaaqudgha.
  7658 | D:7      | Reached skill level 9 in Earth Magic
  7899 | D:7      | Found a stormy altar of Qazlal.
  7899 | D:7      | Found a basalt altar of Yredelemnul.
  8550 | D:7      | Reached XP level 9. HP: 62/62 MP: 22/22
  8793 | D:7      | Reached skill level 10 in Earth Magic
  8956 | D:8      | Noticed Psyche
  8963 | D:8      | Found an ornate altar of the Wu Jian Council.
  8966 | D:8      | Killed Psyche
  8969 | D:8      | Noticed Maggie
  8991 | D:8      | Killed Maggie
  9214 | D:8      | Noticed Maurice
  9220 | D:8      | Killed Maurice
  9221 | D:8      | Reached skill level 11 in Earth Magic
  9759 | D:8      | Found a hide-covered altar of Uskayaw.
 10001 | D:9      | Found a runed translucent gate.
 10001 | D:9      | Found a runed translucent gate.
 10001 | D:9      | Found a runed translucent gate.
 10001 | D:9      | Noticed admiralandromeda's ghost (novice MfIE)
 10002 | D:9      | Identified the +10 short sword "Duizot" {venom, rElec
                  | Int+4}
 10003 | D:9      | Noticed a kobold demonologist
 10061 | D:9      | Noticed a two-headed ogre
 10070 | D:9      | Killed a two-headed ogre
 10070 | D:9      | Reached XP level 10. HP: 22/69 MP: 11/25
 10534 | D:9      | Noticed a two-headed ogre
 10537 | D:9      | Killed a two-headed ogre
 10537 | D:9      | Reached skill level 12 in Earth Magic
 11171 | D:9      | Found a staircase to the Lair.
 11266 | D:9      | Killed admiralandromeda's ghost
 11428 | D:10     | Entered Level 10 of the Dungeon
 11455 | D:10     | Found a transporter.
 11459 | D:10     | Noticed Name63's ghost (journeyman GnWz)
 11461 | D:10     | Noticed a two-headed ogre
 12044 | D:10     | Noticed a two-headed ogre
 12051 | D:10     | Killed a two-headed ogre
 12051 | D:10     | Reached skill level 13 in Earth Magic
 12515 | D:10     | Reached XP level 11. HP: 74/74 MP: 18/28
 12569 | D:10     | Found a transporter.
 12579 | D:10     | Killed a two-headed ogre
 12584 | D:10     | Killed Name63's ghost
 12765 | D:11     | Found a staircase to the Orcish Mines.
 13424 | D:11     | Reached skill level 14 in Earth Magic
 13538 | D:11     | Found Wownig's Assorted Antiques.
 13546 | D:11     | Bought a scroll of teleportation for 90 gold pieces
 13546 | D:11     | Bought a scroll of fog for 60 gold pieces
 13894 | D:11     | Noticed a six-headed hydra
 13896 | D:11     | Killed a six-headed hydra
 14549 | D:12     | Noticed a two-headed ogre
 14556 | D:12     | Killed a two-headed ogre
 14712 | D:12     | Noticed Snorg
 14724 | D:12     | Killed Snorg
 14729 | D:12     | Reached skill level 10 in Spellcasting
 15160 | D:12     | Reached XP level 12. HP: 69/81 MP: 24/30
 15359 | D:12     | Reached skill level 15 in Earth Magic
 15443 | D:12     | Found Kynnifig's Assorted Antiques.
 15446 | D:12     | Bought a scroll of teleportation for 90 gold pieces
 15446 | D:12     | Bought a potion of lignification for 90 gold pieces
 15792 | D:12     | Found a stormy altar of Qazlal.
 17794 | D:14     | Found a gate to the Vaults.
 17804 | D:14     | Reached skill level 16 in Earth Magic
 18531 | D:15     | Entered Level 15 of the Dungeon
 18577 | D:15     | Noticed a four-headed hydra
 18582 | D:15     | Killed a four-headed hydra
 18680 | Orc:1    | Entered Level 1 of the Orcish Mines
 19029 | Orc:2    | Entered Level 2 of the Orcish Mines
 19032 | Orc:2    | Reached XP level 13. HP: 86/86 MP: 31/33
 19228 | Orc:2    | Reached skill level 17 in Earth Magic
 19234 | Orc:2    | Found Ketwosa's Weapon Emporium.
 19234 | Orc:2    | Found Docsokat's Assorted Antiques.
 19845 | Orc:1    | Found a runed translucent door.
 19846 | Orc:1    | Found a shimmering altar of Xom.
 19846 | Orc:1    | Noticed kalodont's ghost (journeyman KoEn)
 19948 | Orc:1    | Killed kalodont's ghost
 20245 | Orc:2    | Found Cinuato's Distillery.
 20246 | Orc:2    | Found Lexziaru's Armour Emporium.
 20331 | Orc:2    | Bought a scroll of teleportation for 87 gold pieces
 20331 | Orc:2    | Bought a scroll of identify for 58 gold pieces
 20577 | Orc:2    | Found a staircase to the Elven Halls.
 20806 | Orc:1    | Paralysed by an orc sorcerer for 2 turns
 20913 | Orc:2    | Bought a potion of berserk rage for 75 gold pieces
 20913 | Orc:2    | Bought a potion of lignification for 45 gold pieces
 20913 | Orc:2    | Bought a potion of heal wounds for 75 gold pieces
 20913 | Orc:2    | Bought a potion of curing for 45 gold pieces
 20913 | Orc:2    | Bought a potion of curing for 45 gold pieces
 21099 | D:4      | Bought a book of Power for 540 gold pieces
 21106 | D:4      | Learned a level 6 spell: Iron Shot
 21225 | Lair:1   | Entered Level 1 of the Lair of Beasts
 21962 | Lair:1   | Found an ornate altar of the Wu Jian Council.
 22821 | Lair:2   | Found a staircase to the Swamp.
 23275 | Lair:3   | Noticed Cazemata's ghost (journeyman DsBe)
 23276 | Lair:3   | Found the amulet of Vitality {Regen+ HP+15}
 23384 | Lair:3   | Reached skill level 18 in Earth Magic
 23384 | Lair:3   | Reached XP level 14. HP: 93/93 MP: 25/35
 23391 | Lair:3   | Found a blossoming altar of Fedhas.
 23666 | Lair:3   | Got a jewelled lajatang
 23716 | Lair:3   | Identified the +8 lajatang of Vekkis {vorpal, *Noise Int+5}
                  | (You found it on level 3 of the Lair of Beasts)
 24148 | Lair:3   | Found a transporter.
 24505 | Lair:3   | Found a transporter.
 25236 | Lair:3   | Killed Cazemata's ghost
 25558 | Lair:4   | Found a gate leading to a gauntlet.
 25567 | Gauntlet | Entered a Gauntlet
 25567 | Gauntlet | Found a transporter.
 25597 | Gauntlet | Found a transporter.
 25611 | Gauntlet | Found a transporter.
 25615 | Gauntlet | Found a transporter.
 25625 | Gauntlet | Found a transporter.
 25626 | Gauntlet | Found the +4 dagger "Morg" {pain, MR+ Int+5}
 25645 | Gauntlet | Found a transporter.
 25648 | Gauntlet | Found a transporter.
 25652 | Gauntlet | Found a transporter.
 25675 | Gauntlet | Found a transporter.
 25695 | Gauntlet | Found a transporter.
 25699 | Gauntlet | Found a transporter.
 25707 | Gauntlet | Found a transporter.
 25868 | Gauntlet | Got a brightly glowing golden ring
 25941 | Gauntlet | Identified the ring of Bemaips {Wiz MR+} (You found it in a
                  | Gauntlet)
 26019 | Gauntlet | Got a pair of fading gloves
 26030 | Gauntlet | Identified the cursed +0 pair of gloves of Complete
                  | Protection {*Slow MP+9 Dex+6 SInv} (You found it in a
                  | Gauntlet)
 26104 | Gauntlet | Identified the +9 trident of Plunder {venom, MR- Str+3}
 26104 | Gauntlet | Identified the ring "Arghat" {+Fly rF+}
 26249 | Gauntlet | Got a shimmering falchion
 26257 | Gauntlet | Identified the +8 falchion of Calculation {holy, +Blink
                  | +Fly rF++ Str-4} (You found it in a Gauntlet)
 26361 | Lair:4   | You fall into a shaft and drop 2 floors!
 26361 | Lair:6   | Entered Level 6 of the Lair of Beasts
 26380 | Lair:6   | Found a viscous altar of Jiyva.
 26383 | Lair:6   | Found a staircase to the Slime Pits.
 26857 | Lair:5   | Reached skill level 19 in Earth Magic
 28006 | Lair:4   | Found a staircase to the Snake Pit.
 28684 | Lair:5   | Noticed Kirke
 29212 | Lair:5   | Killed Kirke
 29212 | Lair:5   | Reached XP level 15. HP: 99/99 MP: 31/37
 29361 | Lair:5   | Reached skill level 1 in Shields
 29569 | Lair:5   | Found a runed translucent door.
 29569 | Lair:5   | Found a shimmering altar of Xom.
 29569 | Lair:5   | Noticed Panli's ghost (journeyman CeAM)
 29813 | Lair:5   | Killed Panli's ghost
 32166 | D:15     | Noticed a fire giant
 32492 | D:15     | Killed a fire giant
 32492 | D:15     | Reached skill level 20 in Earth Magic
 33270 | D:15     | Found a staircase to the Depths.
 33279 | Depths:1 | Entered Level 1 of the Depths
 33292 | Depths:1 | Found a gateway to a ziggurat.
 33843 | Elf:1    | Entered Level 1 of the Elven Halls
 33847 | Elf:1    | Noticed a Tzitzimitl
 33862 | Orc:2    | Reached skill level 5 in Shields
 34631 | Elf:1    | Reached XP level 16. HP: 105/105 MP: 39/39
 36344 | Elf:2    | Reached skill level 21 in Earth Magic
 36502 | Elf:2    | Found a runed translucent gate.
 36502 | Elf:2    | Found a runed translucent gate.
 36554 | Elf:2    | Found a runed translucent gate.
 37164 | Elf:2    | Noticed a deep elf blademaster
 37174 | Elf:2    | Killed a deep elf blademaster
 38119 | Elf:3    | Entered Level 3 of the Elven Halls
 38216 | Elf:3    | Reached skill level 15 in Spellcasting
 38216 | Elf:3    | Reached XP level 17. HP: 95/111 MP: 34/41
 38481 | Elf:3    | Found Vicusm Ymeo's Armour Shop.
 38491 | Elf:3    | Bought a +2 cloak of stealth for 301 gold pieces
 39139 | Elf:3    | Identified the cursed +0 whip of the Foremost Xeniums
                  | {vamp, Fragile MR+ Int+2 SInv}
 39139 | Elf:3    | Identified the ring of Fedhas's Benevolence {rPois rC+
                  | Str+6}
 39983 | Elf:3    | Noticed a deep elf blademaster
 39989 | Elf:3    | Killed a deep elf blademaster
 40058 | Elf:3    | Identified a scroll of acquirement
 40062 | Elf:3    | Acquired 790 gold pieces
 40081 | Elf:3    | Identified the cursed +1 halberd of Qychioj {holy, SInv}
 40083 | Elf:3    | Reached skill level 22 in Earth Magic
 40119 | Elf:3    | Identified the +7 dire flail of Tension {speed, rF+ rN+}
 40429 | Elf:3    | Noticed a deep elf blademaster
 40432 | Elf:3    | Killed a deep elf blademaster
 41118 | Elf:3    | Reached skill level 10 in Shields
 41328 | Elf:3    | Identified the Incunabulum of Hexes
 41385 | Elf:3    | Learned a level 5 spell: Borgnjor's Vile Clutch
 41394 | Elf:3    | Learned a level 8 spell: Controlled Blink
 41410 | Elf:3    | Got a brightly glowing hand crossbow
 41773 | Snake:1  | Entered Level 1 of the Snake Pit
 41794 | Lair:4   | Reached XP level 18. HP: 100/117 MP: 0/43
 41977 | Lair:4   | HP: 5/132 [shock serpent/bolt of electricity (10)]
 41977 | Lair:4   | Killed from afar by a shock serpent

Illustrated notes

Levels and vault maps discovered:
D:1:      ebering_trefoil_3fold, layout_loops_cross, kennysheep_nondescript
D:2:      layout_basic, minmay_tromino_v4_c
D:3:      layout_rooms, marbit_many_paths
D:4:      layout_basic, old_standard_altar, temple_pool_b, first_ration,
          serial_shops, kennysheep_mini, minmay_fountain_box,
          grunt_ministairs_11
D:5:      layout_gridville, good_gods_temple_1,
          nemelex_xobeh_ov_fountains_minmay,
          nicolae_gozag_cash_rules_everything_around_me,
          nicolae_ossuary_entry_monument, serial_shops,
          nicolae_shop_competitors_out_of_business
D:6:      layout_basic
D:7:      layout_cave_pods, kiku_gazebo_pond_becter,
          gammafunk_temple_overflow_elements
D:8:      layout_cave_pools, eat_drink_and_be_merry_uskayaw,
          lemuel_crystal_altar, blue_anna_alchemist [blue_anna_fruit_fields,
          blue_anna_fruit_fields], uniq_maggie, uniq_psyche, uniq_maurice
D:9:      layout_loops_ring, lair_entry_dummy, gammafunk_ghost_nasty_kobolds,
          minmay_misc_feat_five
D:10:     layout_gridville, gammafunk_ghost_smash
D:11:     layout_grid_maze, david_orc_3, serial_shops, shop
D:12:     layout_roguey, serial_shops, nicolae_shop_behind_doors,
          nicolae_qazlal_eye_of_the_storm, uniq_snorg
D:13:     layout_long_grid, hangedman_decor_clover_reticule,
          serial_bayou_crossing
D:14:     layout_layer_cave, david_vaults_2, minmay_misc_feat_ornament,
          serial_bayou, serial_bayou_shore_a, serial_bayou_shore_b,
          serial_bayou_pond_b, serial_bayou_pond_d
D:15:     gammafunk_enter_depths_forms, layout_rooms, serial_park_square3
          [serial_park_minivault_5x5_8], minivault_20, lemuel_flamethrower_2
Lair:1:   layout_gridlike, basic_altar, serial_bayou_shore_b
Lair:2:   layout_chaotic_city, minmay_swamp_entry_reptiles
Lair:3:   pond_and_an_island_with_a_cottage, layout_regular_city,
          gammafunk_ghost_arena, tgw_fedhas
Lair:4:   layout_long_grid, guppyfry_snake_entry_garden, gauntlet_entry_generic,
          nicolae_volcano_entry_s_turn, kennysheep_rathole, lemuel_fruit_fields
Lair:5:   layout_gridlike, ebering_ghost_xom, lemuel_fruit_fields, uniq_kirke
Lair:6:   gammafunk_lair_ancient_temple, layout_cellular_growth, slime_altar_1
Snake:1:  layout_layer_cave, serial_shops, nicolae_shop_trees,
          serial_bayou_shore_b, uniq_aizul
Orc:1:    layout_caves, ebering_ghost_xom
Orc:2:    st_orc_ogre_mass, layout_caves, library_closet
Elf:1:    minmay_elf_arrival_plus, layout_geoelf_diagonals,
          hangedman_corner_corridor, dk_noncrumbling_4
Elf:2:    layout_gridlike, minmay_misc_feat_rows, grunt_ministairs_15
Elf:3:    minmay_elf_hall_x, layout_geoelf_octagon, serial_shops, shop,
          guppyfry_library_mini
Depths:1: layout_gridlike, enter_ziggurat_b, hell_entry, rand_demon_pan_entry_7,
          roderic_roman_lattice, minmay_alternating_orb

Skill      XL: |  1  2  3  4  5  6  7  8  9 10 11 12 13 14 15 16 17 |
---------------+----------------------------------------------------+-----
Spellcasting   | 2 3 4 5 6 7 8 10 11 12 13 14 15 | 15.7
Earth Magic    | 3 4 5 6 7 9 11 13 14 16 18 19 20 21 22 | 22.4
Shields        | 5 8 10 | 10.1
Dodging        | |  1.7
Stealth        | |  1.7
Translocations | |  0.9
Transmutations | |  0.8

Action                   |  1- 3 |  4- 6 |  7- 9 | 10-12 | 13-15 | 16-18 || total
-------------------------+-------+-------+-------+-------+-------+-------++-------
Melee: Unarmed           |    16 |       |       |       |       |       ||    16
       Mace              |    39 |    49 |       |       |       |       ||    88
       Flail             |       |    81 |   243 |    25 |       |       ||   349
       Short sword       |       |       |       |   202 |   260 |    15 ||   477
Throw: Stone             |       |       |       |       |     4 |       ||     4
 Cast: Sandblast         |    29 |    72 |    67 |    66 |    84 |    26 ||   344
       Stone Arrow       |       |       |    10 |    89 |    65 |     3 ||   167
       Lee's Rapid Decon |       |       |    14 |    62 |    95 |   162 ||   333
       Petrify           |       |       |       |     6 |       |       ||     6
       Iron Shot         |       |       |       |       |   296 |   143 ||   439
Evoke: Wand              |       |       |     9 |    15 |    26 |    21 ||    71
       Lightning rod     |       |       |       |       |       |     5 ||     5
       Box of beasts     |       |       |       |       |       |     1 ||     1
  Use: Potion            |       |     4 |       |       |     4 |     2 ||    10
       Scroll            |       |       |       |    25 |    22 |    13 ||    60
 Stab: Sleeping          |     5 |     6 |     1 |     3 |     2 |       ||    17
       Paralysed         |       |       |    13 |       |       |       ||    13
       Petrified         |       |       |       |     3 |       |       ||     3
       Distracted        |       |       |       |       |     1 |       ||     1
  Eat: Chunk             |     4 |    11 |    13 |    22 |    60 |    17 ||   127
       Ration            |       |       |     1 |     4 |     8 |     4 ||    17
Armor: Robe              |    14 |    15 |       |       |       |       ||    29
       Skin              |       |    25 |       |       |       |       ||    25
       Acid dragon scale |       |    59 |   169 |    48 |       |       ||   276
       Troll leather arm |       |       |       |    84 |   196 |    33 ||   313
Dodge: Dodged            |    50 |   114 |   226 |   202 |   356 |    61 ||  1009
Block: Buckler           |       |       |       |       |    17 |    31 ||    48
